 Dungeon Crawl Stone Soup version 0.23.0 (webtiles) character file.

Game seed: 9194725258276032539

3094 Blackhawk the Cleaver (level 9, -3/82 HPs)
             Began as a Minotaur Berserker on Feb 9, 2019.
             Was a High Priest of Trog.
             Hit by a tomahawk thrown by an orc warrior (16 damage)
             ... on level 8 of the Dungeon.
             The game lasted 00:12:00 (8129 turns).

Blackhawk the Cleaver (Minotaur Berserker)          Turns: 8129, Time: 00:12:00

Health: -3/82      AC:  9    Str: 24    XL:     9   Next: 59%
Magic:  8/8        EV: 14    Int:  4    God:    Trog [*****.]
Gold:   286        SH:  0    Dex: 11    Spells: 8/8 levels left

rFire    + . .     SeeInvis .   a - +0 hand axe
rCold    . . .     Gourm    .   (no shield)
rNeg     . . .     Faith    .   D - +1 ring mail of the Ban {+Inv rElec} (curse)
rPois    .         Spirit   .   (helmet restricted)
rElec    +         Reflect  .   (no cloak)
rCorr    .         Harm     .   (no gloves)
MR       .....                  w - +0 pair of boots
Stlth    +.........             h - amulet of rage
HPRegen  0.23/turn              B - ring of protection from fire
MPRegen  0.11/turn              (no ring)

@: lethally poisoned (-3 -> -4), drained
A: retaliatory headbutt, horns 2
a: Berserk, Trog's Hand, Brothers in Arms, Renounce Religion, Evoke Berserk
Rage, Evoke Invisibility


You were on level 8 of the Dungeon.
You worshipped Trog.
Trog was extremely pleased with you.
You were not hungry.

You visited 1 branch of the dungeon, and saw 8 of its levels.

You collected 286 gold pieces.

Inventory:

Hand Weapons
 a - a +0 hand axe (weapon)
 b - a +2 flail of venom
 z - a +0 dagger of venom
Armour
 i - a +0 chain mail
 p - a +0 animal skin
 w - a +0 pair of boots (worn)
 D - the cursed +1 ring mail of the Ban (worn) {+Inv rElec}
   (You found it on level 7 of the Dungeon)

   It insulates you from electricity.
   It lets you turn invisible.
   It has a curse placed upon it.
Jewellery
 h - an amulet of rage (around neck)
 B - a ring of protection from fire (left hand)
 C - an uncursed ring of magical power {unknown}
Wands
 q - a wand of polymorph (16)
Scrolls
 d - 5 scrolls of remove curse
 g - 6 scrolls of identify
 j - a scroll of enchant weapon
 k - a scroll of blinking
 n - 5 scrolls of teleportation
Potions
 e - a potion of invisibility
 f - a potion of magic
 l - a potion of agility
 o - 2 potions of heal wounds
 r - 2 potions of curing
 s - a potion of lignification
 t - 2 potions of flight
 u - a potion of brilliance
 E - a potion of cancellation
Comestibles
 c - 16 rations


   Skills:
 + Level 8.7(7.9) Fighting
 * Level 9.2(8.5) Axes
 + Level 8.3(7.5) Armour
 + Level 7.5(6.8) Dodging


You had 8 spell levels left.
You didn't know any spells.
Your spell library was empty.

Dungeon Overview and Level Annotations

Branches:
Dungeon (8/15)             Temple (0/1) D:7
   Lair: D:8-11

Altars:
Ashenzari
Makhleb
Okawaru

Shops:
D:6 =

Annotations:
D:3 3 runed translucent doors, busb's ghost, amateur OgWn


Innate Abilities, Weirdness & Mutations

You reflexively headbutt those who attack you in melee.
You have a pair of horns on your head.


Message History

The wight hits you from afar with a +3 spear of freezing.
You feel drained. The wight freezes you.
The orc warrior hits you with a +0 battleaxe!!
The wight hits you from afar with a +3 spear of freezing!
The wight freezes you.
The orc warrior throws a tomahawk.
The tomahawk hits you!
* * * LOW HITPOINT WARNING * * *
You see here 2 tomahawks.
You feel sick. The wight hits you but does no damage.
You feel sick.
The orc warrior throws a tomahawk.
The tomahawk closely misses you.
You feel sick.
You see here a tomahawk.
You feel sick.
Things that are here:
a +0 morningstar; a +0 robe You feel sick.
You feel sick.
The orc warrior throws a tomahawk.
The tomahawk hits you!
You die...

* #........###.#(..(.#.z.....
*
###.###...........(..#.).....
#...# #...#..##.).##..().....
#####.###
#...##.##o#..#(...(....
.......#
#...##.#..#............
.......#
#...##.z.####..........
.....<.# ####......#
#....##.... .......# #......#
######*.... .......# #..@...#
*.... .......# #.<....# *....
######## ######## *,,,, *,,,,
*,,,, *****


You could see an orc warrior and a wight.

Vanquished Creatures
  The ghost of jgonzale2218 the Skirmisher, an amateur HuWn (D:4)
  A black bear (D:7)
  3 ogres
  A necrophage (D:8)
  2 sky beasts (D:6)
  3 centaurs
  A phantom (D:5)
  4 bullfrogs
  4 killer bees
  7 wights
  3 howler monkeys (D:7)
  A bullfrog zombie (D:8)
  2 crimson imps
  A jelly (D:5)
  A quasit (D:7)
  7 hounds
  A centaur zombie (D:7)
  3 orc priests (D:6)
  2 iguanas
  8 orc wizards (D:6)
  5 worker ants
  A hound skeleton (D:5)
  A howler monkey zombie (D:5)
  4 gnolls (D:8)
  3 adders
  3 shadow imps
  2 adder skeletons (D:5)
  5 worms
  A dart slug (D:3)
  4 leopard geckos
  28 orcs
  2 ball pythons
  4 giant cockroaches
  6 goblins
  6 hobgoblins
  15 jackals
  5 quokkas
  A ball python zombie (D:5)
  13 bats
  2 frilled lizards
  A jackal zombie (D:2)
  3 kobolds
  A leopard gecko skeleton (D:8)
  9 rats
181 creatures vanquished.

Notes
Turn   | Place    | Note
-------+----------+-------------------------------------------
     0 | D:1      | Blackhawk the Minotaur Berserker began the quest for the
                  | Orb.
     0 | D:1      | Reached XP level 1. HP: 19/19 MP: 0/0
   162 | D:1      | Reached XP level 2. HP: 22/27 MP: 1/1
   801 | D:1      | Reached skill level 4 in Axes
   948 | D:2      | Reached ** piety under Trog
   948 | D:2      | Reached XP level 3. HP: 28/33 MP: 2/2
  1611 | D:3      | Reached XP level 4. HP: 40/40 MP: 3/3
  1988 | D:3      | Reached *** piety under Trog
  2085 | D:3      | Noticed a big kobold
  2142 | D:3      | Found a runed translucent gate.
  2142 | D:3      | Noticed busb's ghost (amateur OgWn)
  2161 | D:3      | Found a runed translucent gate.
  2162 | D:3      | Found a runed translucent gate.
  2162 | D:3      | Identified the +9 whip of Causality {chaos, rPois}
  2162 | D:3      | Noticed a big kobold
  2504 | D:4      | Found a large runed translucent door.
  2505 | D:4      | Found a large runed translucent door.
  2560 | D:4      | Found a burning altar of Makhleb.
  2653 | D:4      | Reached XP level 5. HP: 22/47 MP: 4/4
  2997 | D:4      | Found a shattered altar of Ashenzari.
  3564 | D:4      | Noticed jgonzale2218's ghost (amateur HuWn)
  3584 | D:4      | Killed jgonzale2218's ghost
  3584 | D:4      | Reached skill level 5 in Fighting
  3584 | D:4      | Reached skill level 5 in Axes
  3584 | D:4      | Reached XP level 6. HP: 47/56 MP: 5/5
  3662 | D:5      | Entered Level 5 of the Dungeon
  4011 | D:5      | Reached skill level 5 in Armour
  4011 | D:5      | Reached XP level 7. HP: 32/62 MP: 6/6
  4377 | D:5      | Reached skill level 6 in Axes
  4406 | D:5      | Reached skill level 5 in Dodging
  4993 | D:6      | Reached **** piety under Trog
  5362 | D:6      | Reached XP level 8. HP: 56/71 MP: 7/7
  5399 | D:6      | Reached skill level 7 in Axes
  5835 | D:6      | Found an iron altar of Okawaru.
  6035 | D:6      | Found Muox's Jewellery Emporium.
  6415 | D:7      | Reached XP level 9. HP: 80/81 MP: 8/8
  6436 | D:7      | Reached skill level 8 in Axes
  6598 | D:7      | Got a polished ring mail
  6609 | D:7      | Identified the cursed +1 ring mail of the Ban {+Inv rElec}
                  | (You found it on level 7 of the Dungeon)
  7192 | D:7      | Found a staircase to the Ecumenical Temple.
  7580 | D:8      | Reached ***** piety under Trog
  7770 | D:8      | Reached skill level 9 in Axes
  8129 | D:8      | Hit by a tomahawk thrown by an orc warrior

Skill      XL: |  1  2  3  4  5  6  7  8  9 |
---------------+----------------------------+-----
Axes           | 4 5 6 7 9 |  9.2
Fighting       | 4 5 6 7 8 |  8.7
Armour         | 3 4 5 6 7 8 |  8.3
Dodging        | 3 4 5 6 7 |  7.5

Action                   |  1- 3 |  4- 6 |  7- 9 || total
-------------------------+-------+-------+-------++-------
Melee: Hand axe          |    98 |   125 |   352 ||   575
       Headbutt          |    16 |    30 |    65 ||   111
Invok: Berserk           |     2 |     1 |     3 ||     6
  Use: Scroll            |       |     2 |    16 ||    18
  Eat: Chunk             |     3 |     9 |    13 ||    25
       Ration            |       |       |     1 ||     1
Armor: Animal skin       |    21 |     4 |       ||    25
       Chain mail        |       |    35 |   122 ||   157
       Ring mail         |       |       |    27 ||    27
Dodge: Dodged            |    69 |    70 |   222 ||   361
